 Dungeon Sprint DCSS version 0.23.1 (webtiles) character file.

Game seed: 14153270171842960369

1913 nuthulu the Grappler (level 8, -1/93 HPs)
             Began as a Troll Berserker on Mar 4, 2019.
             Was a Priest of Trog.
             Slain by a polar bear (19 damage)
             ... in the Dungeon (Sprint II: "The Violet Keep of Menkaure").
             The game lasted 00:03:28 (574 turns).

nuthulu the Grappler (Troll Berserker)               Turns: 574, Time: 00:03:28

Health: -1/93      AC:  8    Str: 28    XL:     8   Next: 95%
Magic:  7/7        EV: 14    Int:  3    God:    Trog [***...]
Gold:   12         SH:  0    Dex:  9    Spells: 7/7 levels left

rFire    . . .     SeeInvis .     - Unarmed
rCold    . . .     Gourm    +   (no shield)
rNeg     + . .     Faith    .   k - +2 robe of the Harp {+Blink rN+ Dex-3}
rPois    +         Spirit   .   (helmet restricted)
rElec    .         Reflect  .   (no cloak)
rCorr    .         Harm     .   (gloves unavailable)
MR       ++...     NoTele   +   (boots unavailable)
Stlth    +.........             (no amulet)
HPRegen  1.65/turn              l - +3 ring of dexterity
MPRegen  0.10/turn              m - ring of poison resistance

@: regenerating, slowed, very slow
A: large, unfitting armour, claws 3, fast metabolism 3, gourmand, regeneration
1, shaggy fur 1, tough skin 3, subdued magic 1
a: Berserk, Trog's Hand, Renounce Religion, Evoke Blink


You were in the Dungeon.
You worshipped Trog.
Trog was most pleased with you.
You were very full.

You visited 1 branch You collected 972 gold pieces.
You spent 960 gold pieces at shops.

Inventory:

Armour
 a - a +0 animal skin
 j - a +2 robe of the Archmagi
 k - the +2 robe of the Harp (worn) {+Blink rN+ Dex-3}
   (You bought it in a shop in the Dungeon)

   It affects your dexterity (-3).
   It protects you from negative energy.
   It lets you blink.
Jewellery
 l - a +3 ring of dexterity (left claw)
 m - a ring of poison resistance (right claw)
Scrolls
 h - a scroll of blinking
Potions
 c - 5 potions of curing
 d - a potion of heal wounds
 e - 2 potions of haste
 f - 2 potions of magic
 g - a potion of berserk rage
Comestibles
 b - a ration


   Skills:
 + Level 10.2 Fighting
 + Level 10.2 Dodging
 + Level 11.8 Unarmed Combat


You had 7 spell levels left.
You didn't know any spells.
Your spell library was empty.

Dungeon Overview and Level Annotations

Branches:
Dungeon (1/1)

Altars:
Cheibriados
Dithmenos
Elyvilon
Fedhas
Gozag
Hepliaklqana
Kikubaaqudgha
Makhleb
Nemelex Xobeh
Okawaru
Qazlal
Ru
Sif Muna
Trog
Uskayaw
Vehumet
Wu Jian
Xom
Yredelemnul
Zin
The Shining One
Beogh
Jiyva
Lugonu

Shops:
D [(:![}*??:[!!==%

Annotations:
D exclusions: obsidian statue and oklob plant


Innate Abilities, Weirdness & Mutations

You are too large for most types of armour.
You have claws for hands.
Your metabolism is lightning-fast.
You like to eat raw meat.
Your natural rate of healing is unusually fast.
You are covered in fur. (AC +1)
You have extremely tough skin. (AC +3)
Your spells are a little easier to cast, but a little less powerful.


Message History

The polar bear barely misses you.
The polar bear claws you but does no damage.
Unknown command.
The hornet barely misses you. The polar bear bites you!
The polar bear misses you. x2; The hornet closely misses you.
Your ogre goes berserk!
You feel somewhat less full.
You can no longer call in reinforcements.
You feel yourself speed up. The hornet stings you.
You feel yourself slow down. The polar bear bites you!
* * * LOW HITPOINT WARNING * * *
The polar bear claws you but does no damage.
The polar bear barely misses you. The hornet barely misses you.
The polar bear completely misses you.
The polar bear claws you but does no damage.
The polar bear closely misses you.
Unknown command.
Your ogre closely misses the polar bear.
The polar bear bites you!!
You die...

##.####..## #..# .#
#'###.##..# +..# .# ?!
#.##...#..# #..# .# ?$$
.<.')#.+..### ..##.#▓?((
#.##...#....###...##▓▓▓▓
#'###.##......≈c≈≈≈≈≈≈≈≈
.#.####≈≈§§...≈#h#######
.#..#≈≈§≈§§≈..≈#yh..._._
.#.##≈≈≈≈≈≈≈≈.≈#@.O._._.
#+##≈≈≈§≈§≈§≈§≈#..._._._
≈≈≈≈§§§§§≈≈§#.._._._.
++#≈§≈§§§§§≈#._._._._
##≈≈≈###≈§#_._._._. #≈≈
#§§#._._._..
#§≈#.._._._. ≈≈#########


You could see 2 polar bears, a yaktaur, a hornet and a friendly ogre (berserk).

Vanquished Creatures
  A merfolk siren (D)
  2 tyrant leeches (D)
  A polar bear (D)
  2 hippogriffs (D)
  Menkaure (D)
  4 neqoxecs (D)
11 creatures vanquished.

Vanquished Creatures (others)
  A crocodile (D)
1 creature vanquished.

Grand Total: 12 creatures vanquished

Notes
Turn   | Place    | Note
-------+----------+-------------------------------------------
     0 | D        | nuthulu the Troll Berserker began the quest for the Orb.
     0 | D        | Reached XP level 1. HP: 22/22 MP: 0/0
     1 | D        | Noticed a hippogriff
     1 | D        | Noticed a hippogriff
     4 | D        | Noticed a neqoxec
    16 | D        | Killed a neqoxec
    16 | D        | Reached skill level 5 in Fighting
    16 | D        | Reached skill level 5 in Dodging
    16 | D        | Reached skill level 6 in Unarmed Combat
    16 | D        | Reached XP level 2. HP: 27/35 MP: 1/1
    16 | D        | Reached XP level 3. HP: 33/42 MP: 2/2
    16 | D        | Reached XP level 4. HP: 40/50 MP: 3/3
    61 | D        | Noticed a merfolk siren
    68 | D        | Killed a merfolk siren
    68 | D        | Reached ** piety under Trog
    68 | D        | Reached skill level 9 in Unarmed Combat
    68 | D        | Reached XP level 5. HP: 34/62 MP: 4/4
    68 | D        | Reached XP level 6. HP: 38/71 MP: 5/5
   122 | D        | Noticed a tyrant leech
   122 | D        | Noticed a tyrant leech
   130 | D        | Noticed a neqoxec
   130 | D        | Noticed a neqoxec
   130 | D        | Noticed a neqoxec
   138 | D        | Killed a neqoxec
   138 | D        | Reached XP level 7. HP: 79/79 MP: 6/6
   141 | D        | Killed a neqoxec
   143 | D        | Noticed an obsidian statue
   143 | D        | Gained mutation: Your spells are a little easier to cast,
                  | but a little less powerful. [a neqoxec]
   147 | D        | Killed a neqoxec
   147 | D        | Reached *** piety under Trog
   147 | D        | Reached skill level 10 in Unarmed Combat
   185 | D        | Killed a hippogriff
   185 | D        | Reached XP level 8. HP: 82/92 MP: 7/7
   188 | D        | Killed a hippogriff
   239 | D        | Found Gygrit's Book Emporium.
   239 | D        | Found Dufroypp's Distillery.
   239 | D        | Found Ticzyap's Magic Scroll Shoppe.
   239 | D        | Found Xeixto Kaup's Jewellery Emporium.
   239 | D        | Found Nehiudor's Magic Scroll Shoppe.
   239 | D        | Found Exkawk's Food Emporium.
   239 | D        | Found Jonlulof's Antique Armour Shoppe.
   239 | D        | Found Mesy's Distillery.
   239 | D        | Found Caehopn's Jewellery Shoppe.
   240 | D        | Found Qejadd's Assorted Antiques.
   240 | D        | Found Faopn's Gadget Emporium.
   240 | D        | Noticed a slime creature
   242 | D        | Noticed a slime creature
   243 | D        | Found Ofruak's Antique Armour Emporium.
   243 | D        | Found Bemy's Distillery.
   243 | D        | Noticed Menkaure
   243 | D        | Noticed a slime creature
   243 | D        | Noticed an oklob plant
   244 | D        | Found Wiloot's Antique Weapon Shoppe.
   244 | D        | Found Qydus's Book Shoppe.
   244 | D        | Found Pasarhid's Armour Emporium.
   253 | D        | Killed Menkaure
   253 | D        | Reached skill level 11 in Unarmed Combat
   286 | D        | Bought an embroidered robe for 96 gold pieces
   302 | D        | Bought a ripped robe for 136 gold pieces
   312 | D        | Identified the +2 robe of the Harp {+Blink rN+ Dex-3} (You
                  | bought it in a shop in the Dungeon)
   318 | D        | Bought a potion of haste for 140 gold pieces
   318 | D        | Bought a potion of curing for 42 gold pieces
   321 | D        | Bought a +3 ring of dexterity for 172 gold pieces
   345 | D        | Killed a tyrant leech
   345 | D        | Reached **** piety under Trog
   361 | D        | Killed a tyrant leech
   361 | D        | Reached skill level 10 in Fighting
   361 | D        | Reached skill level 10 in Dodging
   475 | D        | Bought an uncursed ring of poison resistance for 260 gold
                  | pieces
   477 | D        | Bought a potion of curing for 42 gold pieces
   477 | D        | Bought a potion of curing for 42 gold pieces
   519 | D        | Bought a potion of curing for 30 gold pieces
   549 | D        | Found a snail-covered altar of Cheibriados.
   550 | D        | Found a shadowy altar of Dithmenos.
   550 | D        | Found a roughly hewn altar of Beogh.
   550 | D        | Found a viscous altar of Jiyva.
   551 | D        | Found a white marble altar of Elyvilon.
   551 | D        | Found an ancient bone altar of Kikubaaqudgha.
   552 | D        | Found a blossoming altar of Fedhas.
   552 | D        | Found a corrupted altar of Lugonu.
   552 | D        | Found a deep blue altar of Sif Muna.
   553 | D        | Found an opulent altar of Gozag.
   553 | D        | Found a burning altar of Makhleb.
   553 | D        | Found a bloodstained altar of Trog.
   553 | D        | Found a hazy altar of Hepliaklqana.
   553 | D        | Found a sacrificial altar of Ru.
   553 | D        | Found a shimmering altar of Xom.
   554 | D        | Found a sparkling altar of Nemelex Xobeh.
   554 | D        | Found a hide-covered altar of Uskayaw.
   555 | D        | Found a basalt altar of Yredelemnul.
   556 | D        | Found an iron altar of Okawaru.
   556 | D        | Found a radiant altar of Vehumet.
   556 | D        | Found a glowing silver altar of Zin.
   556 | D        | Noticed a hornet
   556 | D        | Noticed a polar bear
   556 | D        | Noticed a polar bear
   557 | D        | Found a stormy altar of Qazlal.
   557 | D        | Found an ornate altar of the Wu Jian Council.
   557 | D        | Found a glowing golden altar of the Shining One.
   557 | D        | Noticed a yaktaur
   557 | D        | Noticed a polar bear
   565 | D        | Killed a polar bear
   574 | D        | Slain by a polar bear

Skill      XL: |  1  2  3  4  5  6  7  8 |
---------------+-------------------------+-----
Fighting       | 5 7 9 10 | 10.2
Dodging        | 5 7 9 10 | 10.2
Unarmed Combat | 6 9 10 11 | 11.8

Action                   |  1- 3 |  4- 6 |  7- 9 || total
-------------------------+-------+-------+-------++-------
Melee: Unarmed           |     9 |    12 |    45 ||    66
       Punch             |       |       |     2 ||     2
Invok: Berserk           |     1 |     1 |     1 ||     3
       Trog's Hand       |       |     1 |     2 ||     3
       Brothers in Arms  |       |       |     1 ||     1
  Eat: Ration            |       |       |     1 ||     1
       Chunk             |       |       |    10 ||    10
Armor: Animal skin       |       |       |     3 ||     3
       Robe              |       |       |     9 ||     9
Dodge: Dodged            |     2 |     3 |    35 ||    40
